 Dungeon Crawl Stone Soup version 0.27-a0-423-gf312af23e9 (webtiles) character file.

Game seed: 17189343190308561348

5806 jasper the Jinx (level 10, 0/79 HPs)
             Began as a Deep Elf Conjurer on Feb 26, 2021.
             Was a Priest of Cheibriados.
             Succumbed to krigyl's ghost's poison
             ... on level 10 of the Dungeon.
             The game lasted 00:15:34 (10813 turns).

jasper the Jinx (Deep Elf Conjurer)                Turns: 10813, Time: 00:15:34

Health: 0/79       AC: 33    Str: 10    XL:     10   Next: 50%
Magic:  17/21      EV:  2    Int: 35    God:    Cheibriados [***...]
Gold:   422        SH:  0    Dex: 21    Spells: 10/21 levels left

rFire    . . .     SeeInvis .   D - +0 dagger (venom)
rCold    . . .     Faith    .   (no shield)
rNeg     + + +     Spirit   .   (armour currently unavailable)
rPois    +         Reflect  .   (helmet currently unavailable)
rElec    .         Harm     .   (cloak currently unavailable)
rCorr    .         Rampage  .   (gloves currently unavailable)
Will     +....     NoTele   +   (boots currently unavailable)
Stlth    ++........             h - amulet of the acrobat
HPRegen  0.00/turn              v - +4 ring of protection
MPRegen  0.17/turn              E - +4 ring of protection

@: lethally poisoned (0 -> -10), tree-form, acrobat, very slightly contaminated,
invisible (expiring), very slow
A: inhibited regeneration, weak 1
a: Renounce Religion, Bend Time, Temporal Distortion


You were on level 10 of the Dungeon.
You worshipped Cheibriados.
Cheibriados was most pleased with you.
You were a tree.
You visited 2 branches of the dungeon, and saw 11 of its levels.

You collected 591 gold pieces.
You spent 169 gold pieces at shops.

Inventory:

Hand Weapons
 z - a +0 whip of freezing
 D - a +0 dagger of venom (weapon)
Armour
 a - a +0 robe (melded)
 k - a +0 cloak (melded)
 l - a +0 tower shield
 w - a +0 buckler
 y - a +0 helmet (melded)
Jewellery
 h - an amulet of the acrobat (around neck)
 n - a ring of resist corrosion
 v - a +4 ring of protection (left branch)
 A - a ring of willpower
 E - a +4 ring of protection (right branch)
 I - a ring of willpower
Wands
 x - a wand of flame (6)
 H - a wand of iceblast (2)
Scrolls
 b - 2 scrolls of fog {unknown}
 c - a scroll of magic mapping
 d - a scroll of enchant armour {unknown}
 e - a scroll of amnesia
 m - 3 scrolls of immolation
 q - 2 scrolls of noise
 r - a scroll of random uselessness {unknown}
 s - 8 scrolls of teleportation
 B - 3 scrolls of fear {unknown}
 G - a scroll of brand weapon {unknown}
Potions
 f - a potion of mutation
 g - 2 potions of berserk rage
 i - 2 potions of might
 j - 2 potions of lignification
 o - 2 potions of degeneration
 p - 2 potions of flight
 t - a potion of haste


   Skills:
 + Level 1.8 Fighting
 - Level 2.4 Dodging
 - Level 2.4 Stealth
 + Level 1.8 Shields
 + Level 6.0 Spellcasting
 - Level 9.1 Conjurations
 - Level 10.0 Hexes
 - Level 8.0 Translocations
 - Level 8.0 Invocations


You had 10 spell levels left.
You knew the following spells:

 Your Spells              Type           Power        Failure   Level
a - Magic Dart            Conj           100%         1%          1
b - Searing Ray           Conj           100%         1%          2
c - Fulminant Prism       Conj/Hex       33%          1%          4
d - Iskenderun's Mystic   Conj/Tloc      63%          1%          4

Your spell library contained the following spells:

 Spells                   Type           Power        Failure   Level
 Dazzling Flash           Conj/Hex       100%         1%          3


Dungeon Overview and Level Annotations

Branches:
Dungeon (10/15)            Temple (1/1) D:5            Lair (0/6) D:9
    Orc: D:9-12

Altars:
Ashenzari
Cheibriados
Dithmenos
Elyvilon
Fedhas
Gozag
Hepliaklqana
Kikubaaqudgha
Makhleb
Nemelex Xobeh
Okawaru
Qazlal
Ru
Sif Muna
Trog
Uskayaw
Vehumet
Wu Jian
Xom
Yredelemnul
Zin
The Shining One

Shops:
D:4 !

Annotations:
D:10 krigyl's ghost, journeyman OgNe


Innate Abilities, Weirdness & Mutations

((Your flesh is heat resistant. (rF+)))
You do not regenerate when monsters are visible.
You are weak. (Str -2)


Message History

* * * LOW HITPOINT WARNING * * *
You feel sick.
You regained 4 hp, and now have 9/53 hp.
You regained 5 mp, and now have 20/21 mp.
You bump into the rock wall.
Krigyl's ghost barely misses you.
You regained 5 hp, and now have 14/53 hp.
MP restored: 21 You're too confused to move!
You feel less invigorated.
You feel less confused.
You feel sick. Krigyl's ghost closely misses you.
You regained 2 hp, and now have 16/53 hp.
You feel sick.
Krigyl's ghost whispers, "The ORB doesn't exist."
Krigyl's ghost points at something and mumbles some strange words.
Pain shoots through your body!
* * * LOW HITPOINT WARNING * * *
You take 15 damage, and have 1/53 hp.
MASSIVE DAMAGE!!
Really quaff the potion of lignification?
You turn into a tree.
Your +0 cloak melds into your body.
Your +0 helmet melds into your body.
Your +0 robe melds into your body.
Your roots penetrate the ground.
You now have 2/79 hp.
Casting: Fulminant Prism (mildly dangerous; 1% risk of failure)
Confirm with . or Enter, or press ? or * to list all spells.
Aiming: Searing Ray (safe; 1% risk of failure)
Press: ? - help, Shift-Dir - straight line, f - krigyl's ghost
Aim: krigyl's ghost, wielding a weapon of venom (almost destroyed, 46% to evade)
The searing ray hits krigyl's ghost!
Krigyl's ghost is almost destroyed. (Press . to maintain the ray.)
You flicker for a moment.
* * * LOW HITPOINT WARNING * * *
You feel sick.
You take 1 damage, and have 1/79 hp.
You now have 19/21 mp.
The searing ray hits krigyl's ghost.
Krigyl's ghost is almost destroyed.
You now have 18/21 mp.
The searing ray hits krigyl's ghost.
Krigyl's ghost is almost destroyed.
You die...

#..##.P⌠P$##.# #.........#
#.##8.....8### #.........#
#.#=.......)# #.##......#
#.#P.......P# #.##......#
#.#⌠.......⌠# #.##......#
#.#P.......P# #.##......#
#.####'''##### #.##......#
##.##.......#W######.##......#
...#####........♣....##......#
#### #######################


You could see krigyl's ghost (wandering).

Vanquished Creatures
  The ghost of Twinkles the Slinger, a novice HaHu of Fedhas (D:10)
  Pikel (D:6)
  A gargoyle (D:10)
  3 wargs (D:9)
  A water moccasin (D:10)
  2 orc warriors
  2 ice beasts
  7 ogres
  A sky beast (D:8)
  A centaur (D:10)
  2 phantoms
  A lemure (D:5)
  A kobold brigand (D:9)
  4 bullfrogs
  A gnoll sergeant (D:10)
  3 killer bees (D:10)
  3 scorpions
  13 wights
  3 howler monkeys
  2 bullfrog zombies
  2 centaur zombies (D:8)
  3 jellies
  4 orc priests
  A gnoll shaman (D:5)
  7 hounds
  A bullfrog skeleton (D:6)
  Jessica (D:2)
  An iguana (D:9)
  Terence (D:2)
  9 orc wizards
  6 worker ants
  2 hound zombies (D:5)
  A hound skeleton (D:4)
  3 worker ant zombies
  12 adders
  3 gnolls (D:10)
  A howler monkey skeleton (D:4)
  2 shadow imps (D:5)
  2 white imps
  5 ufetubi
  2 adder skeletons
  3 worms
  A dart slug (D:1)
  A leopard gecko (D:2)
  23 orcs
  6 giant cockroaches
  13 goblins
  5 hobgoblins
  9 jackals
  4 quokkas
  A ball python (D:1)
  6 bats
  6 frilled lizards
  12 kobolds
  A leopard gecko skeleton (D:5)
  2 quokka skeletons
  A quokka zombie (D:7)
  6 rats
  A spectral orc (D:3)
223 creatures vanquished.

Vanquished Creatures (others)
  16 fulminant prisms
  3 plants (D:5)
19 creatures vanquished.

Grand Total: 242 creatures vanquished

Notes
Turn   | Place    | Note
-------+----------+-------------------------------------------
     0 | D:1      | jasper the Deep Elf Conjurer began the quest for the Orb.
     0 | D:1      | Reached XP level 1. HP: 10/10 MP: 6/6
   362 | D:1      | Reached XP level 2. HP: 15/15 MP: 6/8
   656 | D:1      | Reached skill level 5 in Conjurations
  1078 | D:2      | Reached XP level 3. HP: 19/19 MP: 8/10
  1148 | D:2      | Learned a level 2 spell: Searing Ray
  1535 | D:2      | Reached XP level 4. HP: 17/24 MP: 7/12
  1540 | D:2      | Learned a level 4 spell: Fulminant Prism
  1954 | D:2      | Noticed Terence
  1958 | D:2      | Noticed Jessica
  1959 | D:2      | Killed Terence
  1964 | D:2      | Killed Jessica
  1965 | D:2      | Reached XP level 5. HP: 28/28 MP: 3/14
  2047 | D:2      | Learned a level 4 spell: Iskenderun's Mystic Blast
  2163 | D:2      | Found a burning altar of Makhleb.
  2163 | D:2      | Found a glowing silver altar of Zin.
  2164 | D:2      | Noticed an angel
  2164 | D:2      | Noticed a green death
  2186 | D:2      | Found a faded altar of an unknown god.
  2532 | D:3      | Found a sacrificial altar of Ru.
  2575 | D:3      | Reached skill level 5 in Spellcasting
  2824 | D:3      | Found a basalt altar of Yredelemnul.
  2981 | D:3      | Found a sparkling altar of Nemelex Xobeh.
  3279 | D:3      | Found an iron altar of Okawaru.
  3561 | D:4      | Found Bor Sady's Distillery.
  3578 | D:4      | Bought a potion of haste for 130 gold pieces
  3578 | D:4      | Bought a potion of curing for 39 gold pieces
  3686 | D:4      | Noticed an ogre
  3692 | D:4      | Killed an ogre
  3693 | D:4      | Reached XP level 6. HP: 32/32 MP: 7/15
  3894 | D:5      | Entered Level 5 of the Dungeon
  3901 | D:5      | Found a staircase to the Ecumenical Temple.
  3911 | Temple   | Entered the Ecumenical Temple
  4132 | Temple   | Became a worshipper of Cheibriados the Contemplative
  4350 | D:5      | Reached XP level 7. HP: 36/36 MP: 8/16
  4545 | D:5      | Reached skill level 1 in Hexes
  4710 | D:5      | Reached skill level 2 in Hexes
  4712 | D:5      | Reached skill level 4 in Hexes
  4960 | D:5      | Reached skill level 5 in Hexes
  5175 | D:5      | Found a shimmering altar of Xom.
  5411 | D:6      | Noticed Pikel
  5422 | D:6      | Killed Pikel
  5422 | D:6      | Reached * piety under Cheibriados
  5423 | D:6      | Reached skill level 8 in Hexes
  5423 | D:6      | Reached XP level 8. HP: 31/41 MP: 3/17
  5522 | D:6      | Reached skill level 9 in Hexes
  5625 | D:6      | Found a blossoming altar of Fedhas.
  5696 | D:6      | Reached skill level 10 in Hexes
  5747 | D:6      | Reached skill level 1 in Translocations
  6357 | D:6      | Reached XP level 9. HP: 45/45 MP: 13/18
  6387 | D:6      | Found a sparkling altar of Nemelex Xobeh.
  6470 | D:6      | Reached ** piety under Cheibriados
  6788 | D:7      | Reached skill level 5 in Translocations
  7325 | D:7      | Found a shimmering blue altar of Sif Muna.
  7842 | D:8      | Found an ancient bone altar of Kikubaaqudgha.
  7871 | D:8      | Found a stormy altar of Qazlal.
  7918 | D:8      | Noticed a +0 hand axe
  7918 | D:8      | Noticed a +0 hand axe
  7923 | D:8      | Found a hide-covered altar of Uskayaw.
  8043 | D:8      | Reached *** piety under Cheibriados
  8173 | D:9      | Found a blossoming altar of Fedhas.
  8293 | D:9      | Reached skill level 1 in Invocations
  8460 | D:9      | Reached skill level 5 in Invocations
  8466 | D:9      | Gained mutation: You are weak. (Str -2) [potion of
                  | mutation]
  8466 | D:9      | Gained mutation: You do not regenerate when monsters are
                  | visible. [potion of mutation]
  8466 | D:9      | Gained mutation: Your flesh is heat resistant. (rF+)
                  | [potion of mutation]
  8752 | D:9      | Found a staircase to the Lair.
  8839 | D:9      | Found a shadowy altar of Dithmenos.
  8881 | D:9      | Found a sparkling altar of Nemelex Xobeh.
  9109 | D:9      | Reached **** piety under Cheibriados
  9334 | D:10     | Entered Level 10 of the Dungeon
  9338 | D:10     | Reached XP level 10. HP: 50/50 MP: 14/19
  9402 | D:10     | Noticed a gargoyle
  9784 | D:10     | Killed a gargoyle
 10073 | D:10     | Found a hazy altar of Hepliaklqana.
 10761 | D:10     | Found a runed translucent gate.
 10762 | D:10     | Found a runed translucent gate.
 10762 | D:10     | Found a runed translucent gate.
 10763 | D:10     | Noticed krigyl's ghost (journeyman OgNe)
 10764 | D:10     | Noticed Twinkles's ghost (novice HaHu)
 10772 | D:10     | Killed Twinkles's ghost
 10773 | D:10     | Reached skill level 1 in Fighting
 10773 | D:10     | Reached skill level 1 in Shields
 10804 | D:10     | HP: 1/53 [krigyl's ghost/nerve-wracking pain (4)]
 10809 | D:10     | HP: 1/53 [krigyl's ghost/nerve-wracking pain (14)]
 10813 | D:10     | Succumbed to krigyl's ghost's poison

Illustrated notes

Levels and vault maps discovered:
D:1:      ncdulo_smallfort, layout_loops_ring
D:2:      layout_rooms, grunt_temple_overflow_order_and_chaos_2,
          chequers_ecumenical_altar_simple, chequers_hall_statues_corner_a,
          hangedman_decor_riveting, minmay_tiny_reverse_x, uniq_terence,
          uniq_jessica
D:3:      layout_loops_ring, okawaru_altar_gauntlet_db,
          yredelemnul_forgotten_temple_becter, nicolae_overflow_hidden_temple,
          nemelex_diamond_rough_becter
D:4:      layout_rooms, serial_shops, nicolae_shop_statue_plus
D:5:      minmay_recursive_quarters, layout_rooms, marbit_many_paths,
          minmay_temple_entry_gardened_gates
D:6:      minmay_cornered_nines, layout_basic, overflow_temple_1_default,
          basic_altar, uniq_pikel
D:7:      layout_rooms, led_sif_pool, minmay_holes
D:8:      layout_rooms, dancing_weapons_uskayaw, kennysheep_little_box,
          lemuel_doored_altar
D:9:      layout_gridville, nicolae_overflow_crystal_walls,
          lemuel_crystal_altar, erik_lair_orcish_takeover, basic_altar
D:10:     minmay_evil_eye, layout_long_grid, gammafunk_ghost_cemetery,
          basic_altar, chequers_serial_rivers_room_a
Temple:   compressed_dpeg_triangle_lava_temple

Skill      XL: |  1  2  3  4  5  6  7  8  9 10 |
---------------+-------------------------------+-----
Conjurations   | 5 6 7 8 9 |  9.1
Spellcasting   | 4 5 6 |  6.0
Hexes          | 8 10 | 10.0
Translocations | 4 8 |  8.0
Invocations    | 5 8 |  8.0
Fighting       | 1 |  1.8
Shields        | 1 |  1.8
Dodging        | |  2.4
Stealth        | |  2.4

Action                   |  1- 3 |  4- 6 |  7- 9 | 10-12 || total
-------------------------+-------+-------+-------+-------++-------
Melee: Whip              |       |       |     9 |       ||     9
       Dagger            |       |       |    15 |    18 ||    33
 Cast: Magic Dart        |    68 |   116 |   144 |    37 ||   365
       Searing Ray       |     3 |     7 |    41 |     9 ||    60
       Fulminant Prism   |       |       |     6 |    10 ||    16
       Iskenderun's Myst |       |       |     1 |     2 ||     3
Invok: Slouch            |       |       |       |     2 ||     2
Evoke: Wand              |       |       |    17 |     1 ||    18
  Use: Scroll            |       |       |    11 |       ||    11
       Potion            |       |       |     6 |     6 ||    12
 Stab: Invisible         |       |       |       |     2 ||     2
Armor: Robe              |     2 |     3 |    25 |    15 ||    45
Dodge: Dodged            |    13 |    24 |   101 |    51 ||   189

Table legend: (Time is in decaauts)
 A = Elapsed time spent in this place.
 B = Non-inter-level travel time spent in this place.
 C = Inter-level travel time spent in this place.
 D = Time resting spent in this place.
 E = Time spent auto-exploring this place.
 F = Levels seen in this place.
 G = Mean time per level.
                   A        B        C        D        E       F      G
               +--------+--------+--------+--------+--------+-----+--------+
         Total |  12348 |  12024 |    324 |    545 |  10302 |  11 | 1122.5 |
       Dungeon |  12113 |  11807 |    306 |    545 |  10087 |  10 | 1211.3 |
        Temple |    235 |    218 |     17 |      0 |    215 |   1 |  235.0 |
               +--------+--------+--------+--------+--------+-----+--------+

Top non-repeatable levels by time:
     D:9: 1895 daAuts
     D:6: 1614 daAuts
    D:10: 1496 daAuts
     D:5: 1383 daAuts
     D:2: 1266 daAuts
     D:3: 1041 daAuts
     D:1: 1002 daAuts
     D:8: 982 daAuts
     D:7: 849 daAuts
     D:4: 582 daAuts
  Temple: 235 daAuts
